 Dungeon Sprint DCSS version 0.30-a0-800-g7c544603b3 (webtiles) character file.

Game seed: 9966712665677396055

1612 BigDaddyOpFi the Fortune-Teller (level 8, -11/70 HPs)
             Began as a Demonspawn Fighter on Feb 21, 2023.
             Was a Believer of Nemelex Xobeh.
             Mangled by an ice devil (20 damage)
             ... summoned by an orc high priest
             ... in the Dungeon (Sprint VII: "The Pits").
             The game lasted 00:03:57 (1271 turns).

BigDaddyOpFi the Fortune-Teller (DsFi)              Turns: 1271, Time: 00:03:57

Health: -11/70     AC: 17    Str: 22    XL:     8   Next: 63%
Magic:  18/18      EV:  6    Int:  9    God:    Nemelex Xobeh [**....]
Gold:   0          SH:  6    Dex: 16    Spells: 7/7 levels left

rFire   . . .      SeeInvis +    p - +16 obsidian axe {drain, demonic, Mesm Drain Fly SInv}
rCold   . . .      Faith    .    c - +0 buckler
rNeg    . . .      Spirit   .    n - +3 plate armour
rPois   .          Reflect  .    (no helmet)
rElec   .          Harm     .    (no cloak)
rCorr   .          Rampage  .    (gloves unavailable)
Will    .....      NoTele   +    o - +0 pair of boots Stlth
                                 (no amulet)
HPRegen 0.31/turn                b - +3 ring of dexterity
MPRegen 0.16/turn                l - +3 ring of strength

@: flying, mesmerised, slowed, very slow
A: claws 3, hooves 1, ignite blood 1, demonic magic 1
a: Renounce Religion, Draw Escape, Draw Destruction, Draw Summoning


You were in the Dungeon.
You worshipped Nemelex Xobeh.
Nemelex Xobeh was pleased with you.
You visited 1 branch

Inventory:

Hand Weapons
 a - a +0 war axe
 p - the +16 obsidian axe (weapon) {drain, demonic, Mesm Drain Fly SInv}
   (You found it in the Dungeon)

   Mesm:      Its wielder is mesmerised by any visible foes, and it cannot be
   unequipped while any foes are visible.
   SInv:      It lets you see invisible.
   Fly:       It grants you flight.
   Drain:     It drains your maximum health when unequipped.
Armour
 c - a +0 buckler (worn)
 n - a +3 plate armour (worn)
 o - a +0 pair of boots (worn)
Jewellery
 b - a +3 ring of dexterity (left claw)
 l - a +3 ring of strength (right claw)
Scrolls
 j - a scroll of blinking
Potions
 d - 2 potions of invisibility
 f - 5 potions of curing
 g - a potion of haste
 h - 4 potions of magic
 i - 2 potions of berserk rage
 k - 8 potions of heal wounds
 m - 2 potions of brilliance


   Skills:
 + Level 8.8 Fighting
 + Level 7.8 Axes
 + Level 8.0 Armour
 + Level 8.1 Shields
 * Level 13.5 Invocations


You had 7 spell levels left.
You didn't know any spells.
Your spell library was empty.

Dungeon Overview and Level Annotations

Branches:
Dungeon (1/1)

Altars:
Ashenzari
Cheibriados
Dithmenos
Fedhas
Gozag
Hepliaklqana
Kikubaaqudgha
Makhleb
Nemelex Xobeh
Okawaru
Qazlal
Ru
Sif Muna
Trog
Uskayaw
Vehumet
Wu Jian
Xom
Yredelemnul
Jiyva
Lugonu


Innate Abilities, Weirdness & Mutations

You have claws for hands.
You have large cloven feet.
Your demonic aura sometimes causes spilled blood to erupt in flames.
Spells you cast may paralyse adjacent enemies.


Message History

You are no longer entranced.
You kill the orc!
You slash the ice devil!
Visions of slaying the ice devil flood into your mind.
The orc high priest prays to Beogh.
The shadow wraith hits you but does no damage.
You block the snapping turtle's attack.
The ice devil is engulfed in blazing flames.
The ice devil barely misses you. The shadow wraith hits you!!
The snapping turtle bites you from afar!
Your ynoxinul is engulfed in blazing flames.
The ice devil is engulfed in blazing flames.
You block the ice devil's attack.
You feel much better.
The orc priest invokes the aid of Beogh against you.
Beogh smites you!
The shadow wraith hits you but does no damage.
The snapping turtle bites you but does no damage.
Your ynoxinul is engulfed in blazing flames.
The ice devil hits you! The ice devil freezes you!
* * * LOW HITPOINT WARNING * * *
The shadow wraith hits you!
* * * LOW HITPOINT WARNING * * *
The shadow wraith drains your vigour!
You feel as though you will be slow longer.
The snapping turtle bites you but does no damage.
Your ynoxinul is engulfed in blazing flames.
You kill your ynoxinul!
Your ynoxinul disappears in a puff of smoke!
You feel much better.
Visions of slaying the orc high priest flood into your mind.
The orc high priest utters an invocation to Beogh.
The shadow wraith hits you!
The snapping turtle bites you from afar!
* * * LOW HITPOINT WARNING * * *
The ice devil hits you.
* * * LOW HITPOINT WARNING * * *
The ice devil freezes you!!
You die...
Your body disappears without a glow.

.#))#####'#####''######
##))##.......##''#####
.#))##.......##......#
.#.[##.......##....###
##'###...<...##...## +
†...##.......##..## .#
....##.......##..# .#
######.......##4○#t.#
.#.)###########4@W..+
.#)############oo#..#
.#)#....#....##.4# .#
.#'#....#..[[##.3# .#
.#.††...[...)##... +
.#'#....#..))##...
.'.#....#..))##...
###################


You could see a snapping turtle, an orc high priest (mesmerising), a shadow
wraith (invisible), 2 ice devils, a smoke demon (summoned), a chaos spawn
(summoned) and an orc priest.

Vanquished Creatures
  An elephant (D)
  A rime drake (D)
  A fire bat (D)
  A warg (D)
  An orc warrior (D)
  2 black bears (D)
  A kobold brigand (D)
  A phantom (D)
  A scorpion (D)
  An orc priest (D)
  A gnoll bouda (D)
  An iguana (D)
  2 gnolls (D)
  A river rat (D)
  A white imp (D)
  An adder zombie (D)
  4 orcs (D)
  A bat (D)
  4 jackals (D)
  A quokka (D)
  A ball python skeleton (D)
  A frilled lizard (D)
  A kobold (D)
  A quokka zombie (D)
  2 rats (D)
34 creatures vanquished.

Vanquished Creatures (collateral kills)
  A wyvern (D)
  A giant cockroach (D)
2 creatures vanquished.

Grand Total: 36 creatures vanquished

Notes
Turn   | Place    | Note
-------+----------+-------------------------------------------
     0 | D        | BigDaddyOpFi the Demonspawn Fighter began the quest for the
                  | Orb.
     0 | D        | Reached XP level 1. HP: 18/18 MP: 1/1
     8 | D        | Noticed a scorpion
    16 | D        | Killed a scorpion
    17 | D        | Gained mutation: Spells you cast may paralyse adjacent
                  | enemies. [demonic ancestry]
    17 | D        | Reached XP level 2. HP: 14/26 MP: 2/2
    17 | D        | Discovered your monstrous ancestry.
    17 | D        | Gained mutation: You have sharp fingernails. [demonic
                  | ancestry]
    17 | D        | Reached XP level 3. HP: 17/31 MP: 3/3
    21 | D        | Found a bloodstained altar of Trog.
    21 | D        | Found a shimmering blue altar of Sif Muna.
    21 | D        | Found a viscous altar of Jiyva.
    21 | D        | Found a hazy altar of Hepliaklqana.
    21 | D        | Found an opulent altar of Gozag.
    22 | D        | Found a basalt altar of Yredelemnul.
    22 | D        | Found a shimmering altar of Xom.
    22 | D        | Found an ornate altar of the Wu Jian Council.
    22 | D        | Found a sacrificial altar of Ru.
    22 | D        | Found a stormy altar of Qazlal.
    22 | D        | Found an iron altar of Okawaru.
    22 | D        | Found a sparkling altar of Nemelex Xobeh.
    22 | D        | Found a burning altar of Makhleb.
    22 | D        | Found a blossoming altar of Fedhas.
    22 | D        | Found a shadowy altar of Dithmenos.
    22 | D        | Found a snail-covered altar of Cheibriados.
    24 | D        | Found a corrupted altar of Lugonu.
    24 | D        | Found a radiant altar of Vehumet.
    25 | D        | Found an ancient bone altar of Kikubaaqudgha.
    25 | D        | Found a hide-covered altar of Uskayaw.
    25 | D        | Found a broken altar of Ashenzari.
    49 | D        | Became a worshipper of Nemelex Xobeh the Trickster
    82 | D        | Reached skill level 1 in Invocations
    82 | D        | Gained mutation: You have large cloven feet. [demonic
                  | ancestry]
    82 | D        | Reached XP level 4. HP: 38/38 MP: 4/4
   108 | D        | Noticed a phantom
   116 | D        | Killed a phantom
   117 | D        | Reached skill level 5 in Fighting
   117 | D        | Reached skill level 5 in Armour
   117 | D        | Reached skill level 5 in Shields
   117 | D        | Reached skill level 5 in Invocations
   117 | D        | Reached XP level 5. HP: 36/44 MP: 5/8
   246 | D        | Reached * piety under Nemelex Xobeh
   298 | D        | Received a gift from Nemelex Xobeh
   308 | D        | Reached skill level 5 in Axes
   308 | D        | Reached skill level 6 in Invocations
   311 | D        | Noticed a fire bat
   316 | D        | Reached skill level 7 in Invocations
   325 | D        | Gained mutation: You have very sharp fingernails. [demonic
                  | ancestry]
   325 | D        | Reached XP level 6. HP: 51/53 MP: 11/11
   328 | D        | Killed a fire bat
   329 | D        | Reached skill level 9 in Invocations
   576 | D        | Reached skill level 10 in Invocations
   576 | D        | Gained mutation: Your demonic aura sometimes causes spilled
                  | blood to erupt in flames. [demonic ancestry]
   576 | D        | Reached XP level 7. HP: 45/60 MP: 14/14
  1136 | D        | Noticed a rime drake
  1136 | D        | Noticed a wyvern
  1139 | D        | Killed a wyvern
  1140 | D        | Reached skill level 11 in Invocations
  1142 | D        | Killed a rime drake
  1147 | D        | Reached ** piety under Nemelex Xobeh
  1147 | D        | Found the +16 obsidian axe {drain, demonic, Mesm Drain Fly
                  | SInv}
  1254 | D        | Reached skill level 12 in Invocations
  1254 | D        | Gained mutation: You have claws for hands. [demonic
                  | ancestry]
  1254 | D        | Reached XP level 8. HP: 68/68 MP: 15/17
  1258 | D        | Noticed an elephant
  1262 | D        | Noticed an orc high priest
  1263 | D        | Received a gift from Nemelex Xobeh
  1264 | D        | Noticed a snapping turtle
  1264 | D        | Noticed a shadow wraith
  1267 | D        | Killed an elephant
  1268 | D        | Reached skill level 13 in Invocations
  1269 | D        | Noticed an ice devil
  1270 | D        | Noticed an ice devil
  1270 | D        | HP: 3/70 [shadow wraith (17)]
  1271 | D        | Mangled by an ice devil

Illustrated notes

Levels and vault maps discovered:
D:        pitsprint [storerooms_1, entrance_room_1, metal_vault_6, armoury_2,
          mini_pit_1, grid_room_1, main_hall_1, silver_pit, the_coven_2,
          the_vestibule_1, steel_vault_5, golden_pit, hallway_of_sentries,
          crystal_vault_4, iron_vault_3, final_vault]

Skill      XL: |  1  2  3  4  5  6  7  8 |
---------------+-------------------------+-----
Fighting       | 4 5 6 7 8 |  8.8
Axes           | 3 4 5 6 7 |  7.8
Armour         | 4 5 6 7 8 |  8.0
Shields        | 4 5 6 7 8 |  8.1
Invocations    | 1 5 7 10 12 13 | 13.5

Action                     |  1- 3 |  4- 6 |  7- 9 || total
---------------------------+-------+-------+-------++-------
  Melee: War axe           |    11 |    46 |    24 ||    81
         Kick              |       |    10 |     7 ||    17
         Broad axe         |       |       |    11 ||    11
 Invoke: Draw Summoning    |       |       |     1 ||     1
    Use: Potion            |     3 |     5 |     3 ||    11
 Armour: Scale mail        |    10 |     6 |       ||    16
         Chain mail        |       |    32 |    18 ||    50
         Plate armour      |       |       |    19 ||    19
  Dodge: Dodged            |     8 |    22 |    15 ||    45
  Block: Buckler           |     4 |    27 |    16 ||    47

Table legend: (Time is in decaauts)
 A = Elapsed time spent in this place.
 B = Non-inter-level travel time spent in this place.
 C = Inter-level travel time spent in this place.
 D = Time resting spent in this place.
 E = Time spent auto-exploring this place.
 F = Levels seen in this place.
 G = Mean time per level.
                   A        B        C        D        E       F      G
               +--------+--------+--------+--------+--------+-----+--------+
         Total |   1306 |   1242 |     64 |    878 |      0 |   1 | 1306.0 |
       Dungeon |   1306 |   1242 |     64 |    878 |      0 |   1 | 1306.0 |
               +--------+--------+--------+--------+--------+-----+--------+

Top non-repeatable levels by time:
       D: 1306 daAuts
